 Dungeon Crawl Stone Soup version 0.27-a0-406-g23f261fbd2 (webtiles) character file.

Game seed: 12498869492562825084

153 Mgcat the Skirmisher (level 5, 0/42 HPs)
             Began as a Mummy Fighter on Feb 22, 2021.
             Was an Initiate of Ru.
             Slain by a phantom (3 damage)
             ... on level 3 of the Dungeon.
             The game lasted 00:03:45 (2025 turns).

Mgcat the Skirmisher (Mummy Fighter)                Turns: 2025, Time: 00:03:45

Health: 0/42       AC:  8    Str: 21    XL:     5   Next: 12%
Magic:  5/5        EV:  7    Int:  7    God:    Ru [......]
Gold:   68         SH:  9    Dex: 11    Spells: 4/4 levels left

rFire    x . .     SeeInvis .   a - +0 war axe
rCold    + . .     Faith    .   c - +0 kite shield
rNeg     + + +     Spirit   .   b - +0 scale mail
rPois    ∞         Reflect  .   (no helmet)
rElec    .         Harm     .   f - +1 cloak
rCorr    .         Rampage  .   (no gloves)
Will     .....                  (no boots)
Stlth    ..........             (no amulet)
HPRegen  0.14/turn              (no ring)
MPRegen  0.09/turn              (no ring)

@: no status effects
A: no potions, fire vulnerability, cold resistance 1, negative energy resistance
3, torment resistance, unbreathing
a: Renounce Religion


You were on level 3 of the Dungeon.
You worshipped Ru.
Ru was noncommittal.
You visited 1 branch of the dungeon, and saw 3 of its levels.

You collected 68 gold pieces.

Inventory:

Hand Weapons
 a - a +0 war axe (weapon)
Missiles
 g - 8 curare-tipped darts
Armour
 b - a +0 scale mail (worn)
 c - a +0 kite shield (worn)
 f - a +1 cloak (worn)
   (You found it on level 1 of the Dungeon)
Wands
 k - a wand of random effects (17)
   (You took it off Ijyb on level 3 of the Dungeon)
Scrolls
 d - a scroll of immolation {unknown}
 e - a scroll of blinking {unknown}
 h - a scroll of teleportation {unknown}
 i - a scroll of identify {unknown}
 j - a scroll of enchant armour {unknown}


   Skills:
 + Level 4.1 Fighting
 * Level 3.7 Axes
 - Level 2.4 Armour
 - Level 2.4 Shields


You had 4 spell levels left.
You didn't know any spells.
Your spell library was empty.

Dungeon Overview and Level Annotations

Branches:
Dungeon (3/15)

Altars:
Ru
Zin
The Shining One


Innate Abilities, Weirdness & Mutations

You do not drink.
Your flesh is vulnerable to fire.
You are immune to poison.
Your flesh is cold resistant. (rC+)
You are immune to negative energy. (rN+++)
You are immune to unholy pain and torment.
You can survive without breathing.


Message History

Welcome back, Mgcat the Mummy Fighter.
Ru says: Cut away your false body!
Press ? for a list of commands and other information.
A rat is nearby!
You block the rat's attack.
Spoiler Alert: The phantom can hit for moderate damage in melee and blinks!
You hit the rat.
You kill the rat!
The phantom barely misses you.
You closely miss the phantom. You block the phantom's attack.
The kobold throws a stone.
The stone closely misses you.
There is a stone staircase leading down, spattered with blood here.
Spoiler Alert: The phantom can hit for moderate damage in melee and blinks!
The phantom hits you.
The phantom blinks!
You blink.
You stop descending the stairs.
Found a stone staircase leading up.
You take 6 damage, and have 33/42 hp.
You hit the phantom but do no damage. You block the phantom's attack. x2
You hit the phantom.
The phantom is moderately damaged.
The phantom hits you.
Spoiler Alert: The phantom can hit for moderate damage in melee and blinks!
You barely miss the phantom.
The phantom is moderately damaged.
You barely miss the kobold.
The phantom hits you but does no damage.
The kobold hits you but does no damage. x2
The phantom hits you but does no damage.
Spoiler Alert: The phantom can hit for moderate damage in melee and blinks!
You completely miss the kobold. You closely miss the phantom.
The phantom hits you but does no damage.
The kobold hits you.
You take 3 damage, and have 30/42 hp.
You completely miss the kobold. You closely miss the phantom.
The phantom hits you.
The phantom blinks!
You blink.
The phantom hits you.
The phantom blinks!
You blink.
You take 7 damage, and have 23/42 hp.
Spoiler Alert: The phantom can hit for moderate damage in melee and blinks!
You closely miss the phantom.
The phantom is moderately damaged.
The phantom hits you.
The phantom blinks!
You blink.
You take 1 damage, and have 22/42 hp.
You closely miss the phantom.
The phantom is moderately damaged.
The phantom barely misses you.
The phantom hits you but does no damage.
Spoiler Alert: The phantom can hit for moderate damage in melee and blinks!
You hit the phantom.
The phantom is moderately damaged.
You block the phantom's attack.
You slash the phantom!
The phantom is severely damaged.
You block the phantom's attack. The phantom hits you.
The phantom blinks!
You blink.
You take 3 damage, and have 20/42 hp.
Spoiler Alert: The phantom can hit for moderate damage in melee and blinks!
You miss the phantom.
The phantom is severely damaged.
The phantom hits you but does no damage.
The phantom hits you.
The phantom blinks!
You blink.
You take 2 damage, and have 18/42 hp.
You closely miss the phantom.
The phantom is severely damaged.
The kobold throws a stone.
You block the stone. The phantom hits you!
* * * LOW HITPOINT WARNING * * *
The kobold throws a stone.
You block the stone.
You take 7 damage, and have 11/42 hp.
Spoiler Alert: The phantom can hit for moderate damage in melee and blinks!
You miss the phantom.
The phantom is severely damaged.
The phantom hits you.
* * * LOW HITPOINT WARNING * * *
The phantom blinks!
You blink.
The phantom hits you.
* * * LOW HITPOINT WARNING * * *
The kobold throws a stone.
The stone hits you but does no damage.
You take 3 damage, and have 8/42 hp.
Spoiler Alert: The phantom can hit for moderate damage in melee and blinks!
You barely miss the phantom.
The phantom is severely damaged.
The phantom hits you but does no damage.
The kobold throws a stone.
You block the stone.
You hit the phantom.
The phantom is severely damaged.
The phantom hits you but does no damage.
You block the phantom's attack. The kobold barely misses you.
Spoiler Alert: The phantom can hit for moderate damage in melee and blinks!
You hit the phantom but do no damage.
The phantom is severely damaged.
You hit the kobold but do no damage. You block the phantom's attack.
The kobold hits you but does no damage.
You hit the kobold but do no damage. You completely miss the phantom.
The phantom hits you.
* * * LOW HITPOINT WARNING * * *
The kobold barely misses you. The phantom closely misses you.
The kobold hits you but does no damage.
You take 5 damage, and have 3/42 hp.
Spoiler Alert: The phantom can hit for moderate damage in melee and blinks!
You slash the kobold!
You kill the kobold!
You barely miss the phantom. The phantom hits you.
You die...

...# .## #. .K. ..# ...# #
.W##.# ...# # $ ..#.##
...##.# #. # #..###.#..#
.#.(##.# #. ## . #.!...#..#
....##.# #.###. #.
#...†.####...#.#######.....
..<
#####.#....................
#..##.#..>##
#@##...§........#.
#.........#
#(W......#####.#..
#....§.K..# #........# #....#
#...>....###....###.####.....
#.......§§...#.####....#..###
#........#####...............
#............#.....#.........
#....[.........#.######......
...##########..... .........


You could see a phantom.

Vanquished Creatures
  Ijyb (D:3)
  Terence (D:2)
  3 gnolls (D:1)
  2 adders (D:3)
  An ooze (D:1)
  A dart slug (D:2)
  3 leopard geckos (D:2)
  A ball python (D:1)
  6 bats
  4 giant cockroaches (D:2)
  6 goblins
  5 hobgoblins
  2 jackals (D:2)
  2 frilled lizards
  7 kobolds
  3 rats
48 creatures vanquished.

Notes
Turn   | Place    | Note
-------+----------+-------------------------------------------
     0 | D:1      | Mgcat the Mummy Fighter began the quest for the Orb.
     0 | D:1      | Reached XP level 1. HP: 18/18 MP: 1/1
    38 | D:1      | Reached skill level 2 in Axes
    53 | D:1      | Reached XP level 2. HP: 20/24 MP: 2/2
   418 | D:2      | Found a glowing silver altar of Zin.
   659 | D:2      | Found a glowing golden altar of the Shining One.
   792 | D:2      | Noticed Terence
   812 | D:2      | Reached XP level 3. HP: 24/29 MP: 3/3
   839 | D:2      | Killed Terence
   865 | D:2      | Found a sacrificial altar of Ru.
   870 | D:2      | Became a worshipper of Ru the Awakened
   975 | D:1      | Reached skill level 3 in Axes
  1014 | D:1      | Reached XP level 4. HP: 23/37 MP: 4/4
  1943 | D:3      | Noticed Ijyb
  1960 | D:3      | Killed Ijyb
  1961 | D:3      | Reached skill level 4 in Fighting
  1961 | D:3      | Reached XP level 5. HP: 42/42 MP: 5/5
  2000 | D:3      | Noticed a phantom
  2020 | D:3      | HP: 9/42 [phantom (2)]
  2024 | D:3      | HP: 3/42 [phantom (6)]
  2025 | D:3      | Slain by a phantom

Illustrated notes

Levels and vault maps discovered:
D:1:      amcnicky_arrival_gap_in_the_tavern_cellar, layout_rooms,
          chequers_serial_rivers_marsh, minmay_tetromino_l4
D:2:      layout_basic, old_standard_altar, nicolae_overflow_crystal_walls,
          lemuel_doored_altar, uniq_terence
D:3:      minmay_evil_eye, layout_rooms, nicolae_overflow_hidden_temple,
          uniq_ijyb

Skill      XL: |  1  2  3  4 |
---------------+-------------+-----
Axes           | 2 3 |  3.7
Fighting       | 4 |  4.1
Armour         | |  2.4
Shields        | |  2.4

Action                   |  1- 3 |  4- 6 || total
-------------------------+-------+-------++-------
Melee: War axe           |    81 |   101 ||   182
  Use: Scroll            |       |     1 ||     1
Armor: Scale mail        |    35 |    60 ||    95
Dodge: Dodged            |    27 |    33 ||    60
Block: Kite shield       |    34 |    68 ||   102

Table legend: (Time is in decaauts)
 A = Elapsed time spent in this place.
 B = Non-inter-level travel time spent in this place.
 C = Inter-level travel time spent in this place.
 D = Time resting spent in this place.
 E = Time spent auto-exploring this place.
 F = Levels seen in this place.
 G = Mean time per level.
                   A        B        C        D        E       F      G
               +--------+--------+--------+--------+--------+-----+--------+
         Total |   2143 |   2021 |    122 |    373 |   1085 |   3 |  714.3 |
       Dungeon |   2143 |   2021 |    122 |    373 |   1085 |   3 |  714.3 |
               +--------+--------+--------+--------+--------+-----+--------+

Top non-repeatable levels by time:
     D:2: 1095 daAuts
     D:1: 842 daAuts
     D:3: 205 daAuts

Table legend:
 A = Kills in this place as a percentage of kills in entire the game.
 B = Kills by you in this place as a percentage of kills by you in the entire game.
 C = Kills by friends in this place as a percentage of kills by friends in the entire game.
 D = Other kills in this place as a percentage of other kills in the entire game.
 E = Experience gained in this place as a percentage of experience gained in the entire game.
 F = Experience gained in this place divided by the number of levels of this place that you have seen.
                   A       B       C       D       E      F
               +-------+-------+-------+-------+-------+----------------------
         Total | 100.0 | 100.0 |   N/A |   N/A | 100.0 |  73.3
       Dungeon | 100.0 | 100.0 |   N/A |   N/A | 100.0 |  73.3
               +-------+-------+-------+-------+-------+----------------------
